[Event "AI Cup Div-2 2023"]
[Site "Online"]
[Date "2023.09.25"]
[Round "1.2"]
[White "Niemann, Hans Moke"]
[Black "Duda, Jan-Krzysztof"]
[Result "1/2-1/2"]
[ECO "B52"]
[WhiteElo "2667"]
[BlackElo "2726"]
[Annotator "TA"]
[PlyCount "115"]
[EventDate "2023.09.18"]
[EventType "k.o."]
[EventCountry "NET"]
[SourceTitle "playchess.com"]
[Source "ChessBase"]
[SourceQuality "1"]
[TimeControl "900+3"]

1. e4 c5 2. Nf3 d6 3. Bb5+ Bd7 4. Bxd7+ Nxd7 5. O-O Ngf6 6. d3 e6 7. c4 Be7 8. Nc3 Ne5 {[%emt 0:00:05] B52: Sicilian: Moscow Variation with 3...Bd7.} 9. Ne1 Nc6 10. f4 O-O 11. Nf3 a6 {[%emt 0:00:00] [#]} 12. a4 $146 ({Predecessor:} 12. b3 Rb8 13. d4 cxd4 14. Nxd4 Nxd4 15. Qxd4 b5 {½-½ Hajnal,Z (2406)-Groszpeter,A (2437) HUN-chT 1819 2018 (1.4)}) 12... Rb8 13. h3 Ne8 14. Be3 Nc7 15. d4 b5 16. axb5 cxd4 17. Nxd4 Nxd4 18. Bxd4 (18. Qxd4 {is interesting.} axb5 19. Ra7 d5 20. exd5 bxc4 21. dxe6 Qxd4 22. Bxd4 Nxe6 23. Rxe7 Nxd4 24. Re4) 18... axb5 19. cxb5 (19. Qg4 {keeps more tension.} g6 20. f5 Bf6 21. Bxf6 Qxf6 22. fxe6 Qd4+ 23. Kh1) 19... Nxb5 20. Nxb5 Rxb5 21. Qd3 Rb7 22. f5 Bf6 23. fxe6 {[%emt 0:00:50][%cal Of1f6] [#] And now Rxf6! would win.} Bxd4+ 24. Qxd4 fxe6 25. Rxf8+ Qxf8 $11 {[%emt 0:00:00][%mdl 4096] Endgame KQR-KQR} 26. Qc4 Rxb2 27. Qxe6+ Kh8 {[%emt 0:00:01] ( -> ...Qf2+)} 28. Rf1 {[%emt 0:00:32][%cal Rf1f8] Wards off Qf2+} Qb8 29. Rf7 h6 {[%emt 0:02:23] [#]} (29... d5 $1 $11 {keeps the balance.}) 30. Re7 $1 $36 {[%emt 0:01:04][%mdl 2048] Black is under strong pressure. White is more active.} Qb6+ (30... Qf8 $2 31. Re8 $18 (31. Qxd6 $2 {gets mated.} Qf2+ 32. Kh2 Qxg2#) (31. Qxd6 $2 Qf2+ 32. Kh2 Qxg2#)) 31. Kh2 {[%emt 0:00:05] Intending Re8+ and mate.} Qf2 32. Re8+ ({Of course not} 32. Qg4 $6 Qf8 33. Rc7 Kh7 $11) 32... Kh7 33. Qg8+ (33. Qxd6 $2 Qxg2#) 33... Kg6 34. Re6+ Kh5 35. Qxg7 Qf4+ 36. Qg3 Qxg3+ 37. Kxg3 {[%emt 0:00:00] KR-KR} Rd2 38. h4 (38. Rf6 $16) 38... Rd1 39. Rf6 Re1 40. Re6 Rd1 41. Kf4 Rf1+ 42. Ke3 Re1+ 43. Kf2 Rd1 44. Kg3 Re1 45. Kf3 Rf1+ 46. Ke2 Rg1 47. Kf2 (47. Rxd6 $11 Rxg2+ 48. Kf3) 47... Rd1 $14 48. g3 Rd3 49. Kg2 d5 50. e5 {[%emt 0:00:19] Threatening mate with Kh3.} Re3 51. Kh3 {[%emt 0:03:09] White threatens Rf6 and mate.} d4 52. Ra6 d3 53. Rf6 (53. Rd6 {simplifies} d2 54. Rxd2 Rxe5 55. Rd6) 53... d2 54. Rd6 d1=Q 55. Rxd1 Rxe5 56. Rd6 Re3 57. Kg2 Rxg3+ 58. Kxg3 {[%emt 0:00:03] Weighted Error Value: White=0.09 (flawless) /Black=0.07 (flawless)} 1/2-1/2

[Event "AI Cup Div-2 2023"]
[Site "Online"]
[Date "2023.09.25"]
[Round "1.2"]
[White "Saric, Ivan"]
[Black "Dominguez Perez, Leinier"]
[Result "0-1"]
[ECO "C65"]
[WhiteElo "2647"]
[BlackElo "2745"]
[Annotator "TA"]
[PlyCount "85"]
[EventDate "2023.09.18"]
[EventType "k.o."]
[EventCountry "NET"]
[SourceTitle "playchess.com"]
[Source "ChessBase"]
[SourceQuality "1"]
[TimeControl "900+3"]

1. e4 e5 2. Nf3 Nc6 3. Bb5 Nf6 4. d3 Bc5 5. c3 O-O 6. O-O {[%emt 0:00:02] C65: Ruy Lopez: Berlin Defence (3...Nf6), unusual lines and 4 0-0 Bc5.} d5 7. Nbd2 dxe4 8. dxe4 {[%emt 0:00:00] The position is equal.} a5 9. Qc2 {[%emt 0:00:04] 9.a4 is the modern continuation.} Qe7 10. a4 Rd8 $5 {[%emt 0:00:22][%mdl 4] A promising side line.} 11. h3 (11. Nc4 $5 ) 11... Nb8 12. Re1 h6 13. Nf1 $1 c6 14. Bc4 {[%emt 0:00:04] [#]} Re8 $5 $146 {[%emt 0:01:55][%mdl 8] An interesting novelty.} ({Predecessor:} 14... Na6 15. Ng3 Qc7 16. Ba2 b5 17. Qe2 Rb8 18. Nh4 Bf8 19. Qf3 bxa4 20. Bxh6 Nc5 {½-½ Nepomniachtchi,I (2795)-Ding,L (2788) World-ch Nepomniachtchi-Ding 2023 (9)}) 15. Ng3 Qc7 16. Nh4 Be6 17. Bxe6 Rxe6 18. Nhf5 Na6 19. Qe2 Rd8 20. Qf3 Bf8 21. h4 Nc5 22. Be3 b5 (22... Kh8 {feels hotter.} 23. Rf1 Kh7 24. Rfd1 Rxd1+ 25. Qxd1 b5) 23. Bxc5 Bxc5 24. Red1 (24. Ne3 $11 {was preferrable.}) 24... Rxd1+ $17 {[%emt 0:00:53] Black continues to play with concentration.} 25. Rxd1 bxa4 26. Rd2 ({White should try} 26. Ne3) 26... a3 27. bxa3 Bxa3 28. Qd1 Bf8 29. Ne3 (29. Nh5 $142) 29... Rd6 $19 30. Nc4 Rxd2 31. Qxd2 a4 32. Qa2 {[%emt 0:01:17] [#]} a3 33. f3 Nd7 34. Nf5 Nb6 {[%emt 0:00:25] ...Nxc4 is the strong threat.} 35. Nfe3 (35. Nxa3 $142 Qa7 36. Kf1) 35... Nxc4 36. Nxc4 {[%emt 0:00:01][%mdl 4096] Endgame KQB-KQN} Qd8 37. g3 Qd1+ 38. Kg2 Qc1 {[%emt 0:00:00] [#] Hoping for ...Bc5.} 39. Qb3 h5 (39... Bc5 $142 {( -> ...Qg1+)} 40. h5 Kh7) 40. Kh2 {[%emt 0:00:03] Prevents Qg1+} Bc5 {[%emt 0:00:08] Black mates.} 41. g4 Qg1+ 42. Kh3 Qf1+ 43. Kg3 {[%emt 0:00:02] Weighted Error Value: White=0.57/Black=0.17 (very precise)} 0-1

[Event "AI Cup Div-2 2023"]
[Site "Online"]
[Date "2023.09.25"]
[Round "1.2"]
[White "Gledura, Benjamin"]
[Black "Caruana, Fabiano"]
[Result "0-1"]
[ECO "D30"]
[WhiteElo "2633"]
[BlackElo "2786"]
[Annotator "TA"]
[PlyCount "82"]
[EventDate "2023.09.18"]
[EventType "k.o."]
[EventCountry "NET"]
[SourceTitle "playchess.com"]
[Source "ChessBase"]
[SourceQuality "1"]
[TimeControl "900+3"]

1. d4 d5 2. c4 e6 3. Nf3 Nf6 4. e3 Bd6 5. c5 Be7 6. b4 {[%emt 0:00:06] D30: Queen's Gambit Declined: Systems without Nc3.} O-O {[%emt 0:00:18] [#]} 7. a4 $146 ({Predecessor:} 7. Bb2 c6 8. Nbd2 b6 9. Be2 Nbd7 10. O-O Qc7 11. Qc2 a5 12. cxb6 Qxb6 13. bxa5 Rxa5 {½-½ Potkin,V (2599)-Sethuraman,S (2640) Baku op 2015 (9)}) 7... b6 8. Qc2 {[%emt 0:01:59] The position is equal.} c6 9. Bd3 Qc7 10. Ba3 bxc5 11. bxc5 Ba6 12. O-O Bxd3 13. Qxd3 Nbd7 14. Nbd2 e5 15. Nxe5 Nxe5 16. dxe5 Qxe5 17. Nf3 Qc7 18. Nd4 Ng4 {[%emt 0:00:29][%csl Gg4][%cal Rc7h2] [#]} 19. Nf3 Bf6 20. Rab1 Rab8 21. Bb4 Ne5 22. Nxe5 Qxe5 23. g3 h5 24. h4 Rfe8 25. Bd2 Qe4 26. Qxe4 dxe4 27. Rfc1 (27. Ba5 $11) 27... Rxb1 (27... Be5 $1 $15) 28. Rxb1 $15 {[%emt 0:00:02][%mdl 4096] Endgame KRB-KRB} Rd8 29. Be1 (29. Ba5 $5 Rd3 30. Rb8+ Kh7 31. Rc8 $14) 29... Rd5 30. Kf1 Rxc5 31. Rb7 (31. Rb8+ $11 Kh7 32. Rb7) 31... a5 $1 32. Ra7 $2 (32. Rc7 $15) 32... Rc1 $19 {[%emt 0:00:01] And now ...Bc3 would win.} 33. Ke2 {[%emt 0:00:02] [#]} Ra1 $1 ({Stronger than} 33... Rc2+ 34. Kd1 Ra2 35. Rxa5 $11) 34. Ra6 Ra2+ $2 (34... Rxa4 $19 {has better winning chances. Strongly threatening ...Ra2+.} 35. Rxa5 Rxa5 36. Bxa5 Kh7) 35. Kd1 $2 (35. Kf1 $17 {was the only defense.}) 35... Rxa4 36. Rxc6 Ra1+ 37. Ke2 a4 38. Ba5 $2 (38. Bb4 {was necessary.}) 38... a3 39. Bd8 (39. Bb4 $142) 39... Bb2 (39... Bxd8 $142 40. Rc8 Ra2+ 41. Kf1 Rd2) 40. Be7 (40. Kd2 $142 Rf1 41. Ra6) 40... a2 {[%emt 0:00:08][%cal Ob2a3] Threatens to win with ...Ba3!} 41. Ra6 {[%emt 0:00:01] Prevents Ba3.} Bc3 {[%emt 0:00:01] Weighted Error Value: White=0.53/Black=0.25 (precise)} 0-1

[Event "AI Cup Div-2 2023"]
[Site "Online"]
[Date "2023.09.25"]
[Round "1.2"]
[White "Kuzubov, Yuriy"]
[Black "Fedoseev, Vladimir"]
[Result "1/2-1/2"]
[ECO "D14"]
[WhiteElo "2625"]
[BlackElo "2683"]
[Annotator "TA"]
[PlyCount "69"]
[EventDate "2023.09.18"]
[EventType "k.o."]
[EventCountry "NET"]
[SourceTitle "playchess.com"]
[Source "ChessBase"]
[SourceQuality "1"]
[TimeControl "900+3"]

1. d4 d5 2. c4 c6 3. Nf3 Nf6 4. cxd5 cxd5 5. Nc3 Nc6 6. Bf4 Bf5 7. e3 e6 8. Bd3 {[%emt 0:00:02] 8.Qb3 gains popularity.} Bg6 9. O-O {[%emt 0:00:10] D14: Slav Defence: Exchange variation with ...Bf5.} Be7 10. Rc1 O-O 11. Ne5 Rc8 12. Nxg6 hxg6 {[%emt 0:00:03] [#]} 13. h3 $146 ({Predecessor:} 13. Qe2 Nh5 14. Bg3 Nxg3 15. hxg3 f5 16. f3 Bd6 17. Kf2 g5 18. Rh1 f4 19. g4 fxe3+ 20. Qxe3 {0-1 Piliciauskas,A-Liao,J Wch U08 Vung Tau 2008 (10)}) 13... a6 14. Na4 Nd7 (14... Nb4 $5 15. Bb1 Rxc1 16. Qxc1 Nc6 $11) 15. a3 b5 16. Nc5 Nxc5 17. dxc5 Bf6 18. Qe2 Qa5 19. Bd6 Rfd8 20. Rfd1 Qa4 21. Qc2 Qh4 22. Bg3 {[%emt 0:00:08] This pair of bishops is nice.} Qh6 23. a4 bxa4 (23... d4 $16 {keeps fighting.}) 24. Bxa6 $2 ({Better is} 24. Qxa4 $18 Bxb2 25. Rb1) 24... Nb4 $14 25. Qxa4 Nxa6 26. Qxa6 Bxb2 27. Rc2 (27. Rb1 $5 Qh5 28. Bf4 $16) 27... Ra8 $2 {[%emt 0:00:03] [#]} ({Black should play} 27... Qh5 $1 $14 28. Rb1 Be5) 28. Qe2 ({Only move:} 28. Qd3 $1 $18 Bf6 29. c6) 28... Bf6 $16 29. c6 {[%emt 0:00:08][%cal Bc5c6,Bc6c7][%mdl 32] c7 would be deadly.} Qg5 (29... Qh5 $16 {might work better.}) 30. c7 Rdc8 31. e4 Be5 32. Bxe5 (32. exd5 $18 Bxg3 33. fxg3 exd5 34. Qb5) 32... Qxe5 $14 33. exd5 (33. Rdc1 $5 ) 33... Qxe2 34. Rxe2 {[%emt 0:00:01] [#] Black must now prevent d6.} exd5 35. Re7 {[%emt 0:00:03] Weighted Error Value: White=0.32/Black=0.32} 1/2-1/2

[Event "AI Cup Div-2 2023"]
[Site "Online"]
[Date "2023.09.25"]
[Round "1.2"]
[White "Hakobyan, Aram"]
[Black "Keymer, Vincent"]
[Result "1/2-1/2"]
[ECO "E48"]
[WhiteElo "2617"]
[BlackElo "2717"]
[Annotator "TA"]
[PlyCount "140"]
[EventDate "2023.09.18"]
[EventType "k.o."]
[EventCountry "NET"]
[SourceTitle "playchess.com"]
[Source "ChessBase"]
[SourceQuality "1"]
[TimeControl "900+3"]

1. d4 Nf6 2. c4 e6 3. Nc3 Bb4 4. e3 O-O 5. Bd3 d5 6. cxd5 exd5 7. Nge2 Re8 8. O-O Bd6 9. Bd2 {[%emt 0:00:02] E48: Nimzo-Indian: Rubinstein: 5 Bd3 d5 including 6 Ne2, but excluding 6 a3.} b6 10. Nf4 Bxf4 11. exf4 c5 12. Be3 c4 13. Bc2 Nc6 {[%emt 0:00:07] [#]} 14. f5 $146 ({Predecessor:} 14. Re1 Nb4 15. Bb1 Rb8 16. a3 Nc6 17. f3 b5 18. g4 a5 19. Bf2 b4 20. Rxe8+ Nxe8 {½-½ So,W (2760)-Giri,A (2768) Norway Chess Armageddon 11th rapid 2023 (3)}) 14... Nb4 15. Bb1 Ne4 16. Bxe4 (16. a3 $5 Nd3 17. Bxd3 cxd3 18. Qxd3 $11) 16... dxe4 17. f6 Nd5 (17... Qxf6 $17 18. Qa4 Qe7) 18. fxg7 $11 Nxc3 19. bxc3 Qd5 20. Bf4 Re6 21. Re1 Bb7 22. Re3 ({Much worse is} 22. Qg4 e3 23. f3 (23. fxe3 $2 Rg6 $19 {[%mdl 64] Skewer, Double Attack}) 23... Rae8 $11) 22... Qf5 23. Be5 f6 24. Bg3 Kxg7 25. Qa4 {[%emt 0:01:02] [#] Qd7+ would be deadly.} Qd5 {[%emt 0:00:35] Prevents Qd7+} 26. Rae1 a6 27. Bf4 h5 28. Qd1 Rh8 29. h4 Kf7 30. Rg3 Ree8 31. Qb1 b5 32. Ree3 Qf5 33. Be5 {[%emt 0:00:07][%cal Og3f3] [#] Black must now prevent Rgf3!} Qh7 (33... fxe5 $2 34. Rgf3 $18) 34. Bc7 {[%emt 0:01:17] Black is weak on the dark squares} Rhg8 35. Qb4 Qf5 36. Qd6 Qe6 37. Qf4 Rxg3 38. Rxg3 {[%emt 0:00:03] Threatens to win with Qh6.} Rg8 39. Rxg8 (39. Qh6 $5 Rxg3 40. Bxg3 $14) 39... Kxg8 $14 {[%emt 0:00:00][%mdl 4096] Endgame KQB-KQB} 40. Bd8 e3 41. fxe3 (41. Qxf6 $2 {perishes.} Qxf6 42. Bxf6 e2 $19) 41... Qe4 (41... Qd5 {looks sharper.} 42. Qg3+ Kf7 43. Ba5 Qe4) 42. Qxe4 (42. Qxf6 $2 Qxg2#) 42... Bxe4 43. Bxf6 {[%emt 0:00:16] KB-KB} Kf7 {[%emt 0:00:02] Prevents Be7} 44. Be5 a5 45. a3 Ke6 {[%emt 0:00:07][%cal Ob5b4] Strongly threatening ...b4!} 46. Kf2 b4 47. cxb4 (47. axb4 a4 48. Bb8 a3 $19) 47... axb4 48. axb4 c3 {[%emt 0:00:00] ( -> ...c2)} 49. Ke2 {[%emt 0:00:04] Hoping for b5.} Kd5 $1 50. b5 {[%emt 0:00:09] g3 is the strong threat.} Bxg2 51. b6 (51. Kd3 $16) 51... Kc4 $11 {[%emt 0:00:01] The position is equal.} 52. Kd1 Be4 53. Kc1 Kb5 54. Bc7 Kc4 55. Bd8 Bd5 56. Be7 Be4 57. Bg5 Kb5 58. Bd8 Kc4 59. Bc7 Bd5 60. Bd6 Be4 61. Bc5 Bd5 62. Ba3 Be4 63. Bf8 Kb5 64. d5 Bxd5 65. Bg7 Kc4 66. Bd4 Be4 67. Bg7 Kb3 68. Bd4 Kc4 69. Bh8 Kb3 70. Bd4 Kc4 {[%emt 0:00:01] Weighted Error Value: White=0.09 (flawless) /Black=0.10 (very precise)} 1/2-1/2

[Event "AI Cup Div-2 2023"]
[Site "Online"]
[Date "2023.09.25"]
[Round "1.2"]
[White "Antipov, Mikhail Al."]
[Black "Andreikin, Dmitry"]
[Result "1/2-1/2"]
[ECO "C07"]
[WhiteElo "2600"]
[BlackElo "2729"]
[Annotator "TA"]
[PlyCount "188"]
[EventDate "2023.09.18"]
[EventType "k.o."]
[EventCountry "NET"]
[SourceTitle "playchess.com"]
[Source "ChessBase"]
[SourceQuality "1"]
[TimeControl "900+3"]

1. e4 e6 2. d4 d5 3. Nd2 c5 4. Ngf3 cxd4 5. exd5 Qxd5 6. Bc4 Qd6 7. Ne4 Qb4+ 8. Nfd2 Nc6 9. O-O Bd7 10. c3 Qb6 11. Bb3 Na5 12. Ba4 Rd8 13. b4 Bxa4 14. Qxa4+ Nc6 15. b5 Ne5 16. Nb3 Nd3 (16... Nf6 $11 {deserves consideration.} 17. Nxf6+ gxf6) 17. cxd4 $14 Nf6 {[%emt 0:00:26] [#]} 18. Nxf6+ ({White should try} 18. Nec5 $1 $16 Nxc1 19. Raxc1) 18... gxf6 $14 19. Rd1 Nxc1 20. Raxc1 Bh6 21. Rc3 Rg8 22. g3 (22. Rh3 {feels hotter.} Rg6 23. d5 Rxd5 24. Rxd5 exd5 25. Rd3) 22... Rg5 $1 23. Rc5 Rgd5 24. Kg2 Bf8 25. Rxd5 Rxd5 26. Rc1 Be7 27. Rc8+ Rd8 28. Qc4 Qd6 29. a4 b6 30. Nd2 f5 31. Nf3 Bf6 32. h4 (32. Rc6 {is more complex.} Qd5 33. Qc1 Ke7 34. Qf4) 32... Rxc8 33. Qxc8+ Ke7 34. Qc4 h5 35. Kf1 Qd7 36. Ke2 Qb7 37. Qb4+ Ke8 38. Qc3 Qe4+ 39. Kf1 Kf8 40. Qc8+ Kg7 41. Qc3 (41. Qc6 $1 $11) 41... f4 $17 42. gxf4 Qxf4 43. Qe3 Qg4 44. Ke1 (44. Qd3 $17 {was the only chance.}) 44... Bxh4 $19 45. Nxh4 Qxh4 46. Qe5+ Kg6 47. Qd6 $2 (47. Qb8 $17) 47... Qe4+ $19 48. Kf1 h4 49. Qb8 (49. Qd8 $142 Kh5 50. Qf6) 49... Kg7 $19 50. Qh2 Qxd4 51. Qg2+ Kf6 52. Qf3+ Kg6 53. Qg2+ Kh6 54. Qf3 f5 55. Qc6 Qd3+ (55... Qxa4 56. Qxe6+ Kh5 57. Qxf5+ Kh6 58. Qf6+ Kh7 59. Qf7+ Kh8 60. Qf8+ Kh7 61. Qf7+ Kh6 62. Qf6+ Kh7 63. Qf7+ $11) 56. Kg1 Qe4 57. Qe8 Kg5 ({Weaker is} 57... Qxa4 58. Qxe6+ Kh5 59. Qxf5+ Kh6 60. Qf6+ Kh7 61. Qf7+ Kh8 62. Qf6+ Kh7 63. Qf7+ Kh8 64. Qf6+ Kh7 $11) 58. Qe7+ Kg4 59. Qg7+ Kf3 60. Qc3+ Kf4 61. Kh2 Kg4 (61... Qe2 $142 62. Kg2 h3+ 63. Qxh3 Qg4+ 64. Qxg4+ Kxg4 65. f3+ Kf4) 62. a5 $19 bxa5 63. Qxa5 (63. Qg7+ $19 Kf3 64. Qg2+ Kf4 65. Qg7) 63... Qf4+ (63... h3 $142 64. f3+ Qxf3 65. Qa4+ f4 66. Qc2 Qg2+ 67. Qxg2+ hxg2 68. Kxg2 e5 69. Kf2 e4 70. Ke2 Kg3 71. Kd2 e3+ 72. Ke2 Kg2 73. Kd3 Kf2 74. Kd4 f3 75. Ke4 e2 76. Ke5 Kg3 77. Kd6 e1=Q 78. b6 axb6 79. Kc7 f2 80. Kd7 f1=Q 81. Kd6 Qf6+ 82. Kd7 Qee7+ 83. Kc8 Qh8#) 64. Kg1 $19 Qc1+ 65. Kh2 {[%emt 0:00:00] [#]} Qc5 $1 66. Qa2 Qe5+ (66... Qxb5 $142 67. Qxe6 a5) 67. Kg1 $19 Qe1+ $2 (67... f4 $19 {has better winning chances. ...f3 is the strong threat.} 68. Qxa7 Qxb5 69. Qg7+ Qg5) 68. Kh2 $17 Qe5+ $2 (68... Qf1 $17 69. Qxa7 Qxb5 70. Qd4+ f4 71. Qd1+ Kg5 72. Qd8+ Kh5 73. Qh8+ Kg4) 69. Kg1 $19 h3 $2 (69... f4 $19 {Strongly threatening ...f3.} 70. Qxa7 Qxb5 71. Qg7+ Qg5) 70. Qxa7 $15 Qe1+ ({Not} 70... Qxb5 71. Qg7+ Kf3 72. Qg3+ Ke4 73. Qxh3 $17) (70... h2+ $15 71. Kg2 h1=B+ 72. Kxh1 Qxb5) 71. Kh2 $11 Qe5+ (71... f4 $11) 72. Kg1 $17 Qxb5 73. Qg7+ Kf4 (73... Kf3 $5 74. Qg3+ Ke4 75. Qxh3 Kd5 76. Qf3+ Kd6 77. Qf4+ Kc6 $17) 74. Qd4+ Kg5 75. Qg7+ Kh5 76. Qh7+ Kg4 77. Qg7+ Kf3 78. Qc3+ Ke4 79. Qe3+ Kd5 80. Qxh3 Qb1+ 81. Kh2 Qe4 82. Qb3+ Ke5 83. Qb8+ Kd4 84. Qb6+ Kd3 85. Kg1 Qe1+ 86. Kg2 Qe4+ 87. Kg1 Ke2 88. Qb2+ Kf3 89. Qc3+ Kg4 90. Qg7+ Kh5 91. Qh7+ Kg5 92. Qg7+ Kh5 93. Qh7+ Kg5 94. Qg7+ Kh5 1/2-1/2

[Event "AI Cup Div-2 2023"]
[Site "Online"]
[Date "2023.09.25"]
[Round "1.3"]
[White "Caruana, Fabiano"]
[Black "Gledura, Benjamin"]
[Result "1/2-1/2"]
[ECO "D45"]
[WhiteElo "2786"]
[BlackElo "2633"]
[Annotator "TA"]
[PlyCount "155"]
[EventDate "2023.09.18"]
[EventType "k.o."]
[EventCountry "NET"]
[SourceTitle "playchess.com"]
[Source "ChessBase"]
[SourceQuality "1"]
[TimeControl "900+3"]

1. d4 d5 2. c4 e6 3. Nf3 Nf6 4. Nc3 c6 5. e3 Nbd7 6. Qc2 a5 {[%emt 0:01:11] D45: Semi-Slav: 5 e3.} 7. b3 a4 8. Nxa4 dxc4 {[%emt 0:00:03] White is slightly better.} 9. bxc4 {[%emt 0:00:00] [#]} (9. Qxc4 $14 {is more appropriate.} Bd6 10. Be2) 9... Qa5+ $146 ({Predecessor:} 9... e5 10. Nc3 Bb4 11. Bd2 O-O 12. Be2 Re8 13. O-O exd4 14. exd4 Nf8 15. h3 Ng6 {1-0 Zubov,A (2589)-Ivanisevic,I (2604) Titled Tuesday intern op 20th Oct blitz 2020 (3)}) 10. Nc3 {[%emt 0:00:01] Hoping for Bd2.} Ne4 {[%emt 0:00:02][%mdl 64] Deflection} 11. Bd2 Nxd2 12. Nxd2 Bb4 13. Rc1 Bxc3 14. Qxc3 Qxc3 15. Rxc3 Rxa2 16. Bd3 Ke7 17. Ke2 e5 18. Rc2 Ra3 19. Rb1 exd4 20. exd4 Rd8 21. Rb3 (21. Bxh7 $2 g6 22. Kf1 Nf6 23. Re1+ Kf8 24. Bxg6 (24. Nb1 $2 Ra4 $19) 24... fxg6 $19) 21... Ra5 22. c5 (22. Bxh7 g6 23. h3 Nf8 24. Re3+ Kf6 $19) 22... Nf8 23. Nc4 Ra4 24. d5 {[%emt 0:03:29] Prevents Ne6.} cxd5 25. Nb6 Ra7 26. Rb4 Be6 27. Ke3 Ra3 28. Rcb2 Bf5 29. R4b3 Rxb3 30. Rxb3 Bxd3 31. Rxd3 $17 {[%emt 0:00:08][%mdl 4096] Endgame KRN-KRN} Ke6 ({Black should try} 31... Ne6 $15 32. Nxd5+ Ke8) 32. Kd4 $11 f6 33. f4 Ng6 34. g3 Ne7 $1 35. Ke3 Nc6 36. Kf3 h5 37. Re3+ Kf5 38. Rd3 {[%emt 0:00:09] Inhibits Nd4+.} d4 39. Nc4 Ke6 40. Rb3 (40. Nb6 $17) 40... Kd5 $1 $19 41. Nd6 Rd7 (41... Kxc5 42. Nxb7+ Kc4 43. Nxd8 Nxd8 44. Rb6 $18) (41... b6 $19 42. Nb7 Rd7 43. Rxb6 Re7) 42. Nxb7 (42. Rxb7 $17 Rxb7 43. Nxb7) 42... Kc4 43. Rb1 d3 44. Nd6+ Kc3 45. Ne4+ Kc2 46. Rb6 (46. Ra1 $142 d2 47. Ra2+ Kc1 48. Nxd2 Rxd2 49. Ra6) 46... Nd4+ (46... d2 47. Nxd2 (47. Rxc6 d1=Q+ 48. Kg2 Qe2+ 49. Kh3 g5 {[%mdl 64] Decoy} 50. fxg5 Qg4+ 51. Kg2 Qxe4+ 52. Kh3 Rd2 53. gxf6 Qg4#) 47... Rc7 48. Ke3 $11) 47. Ke3 Nf5+ 48. Kf3 Re7 49. Nf2 Nd4+ 50. Kg2 d2 $1 {[%emt 0:00:01] ( -> ...Re2)} 51. Rd6 $2 (51. c6) 51... Nb5 (51... d1=R 52. Nxd1 Kd3 53. Nf2+ Kc3 54. c6 $14) 52. Rd8 Nc3 53. c6 Rc7 (53... d1=R 54. Nxd1 Nxd1 55. Rd7 $17) (53... d1=B 54. Rd7 Re8 55. c7 $15) 54. Rd6 f5 (54... d1=B $2 55. Nxd1 Nxd1 56. Kf3 $17) 55. Kf3 {[%emt 0:00:05] [#] Dodges Ne4} Ne4 $1 56. Nxe4 fxe4+ {[%emt 0:00:00] KR-KR} 57. Ke2 {[%emt 0:00:01] [#]} e3 $1 58. h3 {[%emt 0:00:08] [#]} Rf7 $2 (58... Kc1 $1 $19 {aiming for ...Ra7.} 59. g4 hxg4 60. hxg4 Ra7) 59. Rd5 $11 Kc3 60. Rd6 (60. Rxh5 Rc7 61. Rd5 (61. Kxe3 d1=Q 62. Rc5+ Kb4 {[%mdl 64] Deflection} 63. Re5 Rxc6 64. Re4+ Kb3 65. f5 Rc3+ 66. Kf4 Qd6+ {[%mdl 64] Skewer} 67. Re5 Rc4+ {[%mdl 64] Deflection} 68. Kf3 Qxe5 69. Kf2 Qxf5+ 70. Kg1 Rc1+ 71. Kg2 Qf1+ 72. Kh2 Qh1#) 61... Rxc6 $17) (60. Kxe3 $5 Re7+ $8 61. Kf3 $11) 60... Re7 61. Rd7 Re6 $1 {[%emt 0:00:04] And now ...Kc2 would win.} 62. c7 (62. Rxg7 Rd6 63. f5 d1=Q+ 64. Kxe3 Rd4 65. Re7 Qe1+ 66. Kf3 Rd3+) 62... Rc6 63. g4 $2 {[%emt 0:00:02][%mdl 8192] [#]} (63. Kxe3 $11 Re6+ 64. Kf2) 63... hxg4 $2 ({Black should play} 63... Kc2 $1 $19 64. f5 Kc1 65. gxh5 Rc2 66. Kxe3 d1=Q 67. Rxd1+ Kxd1) 64. hxg4 {[%emt 0:00:00] The position is equal.} Kc2 {[%emt 0:00:04] ...Kc1 is the strong threat.} 65. f5 {[%emt 0:00:01] g5 would be deadly. Some like it hot} (65. Kxe3 $2 {perishes.} d1=Q 66. Rxd1 Kxd1 $19) (65. g5 $5 Kc1 $8 66. f5 $11 (66. Rxg7 {gets mated.} d1=Q+ 67. Kxe3 Qb3+ 68. Ke4 Re6+ 69. Kd4 Rd6+ 70. Ke4 Qd3+ 71. Ke5 Qd5#)) 65... Kc1 $1 66. g5 {[%emt 0:00:01] Strongly threatening f6.} (66. Rxg7 {leads to mate.} d1=Q+ 67. Kxe3 Qd2+ 68. Ke4 Qb4+ 69. Ke5 Qd6+ 70. Ke4 Rc4+ 71. Ke3 Qg3+ 72. Ke2 Re4+ 73. Kf1 Re1#) 66... Rc2 67. Kxe3 d1=Q 68. Rxd1+ Kxd1 69. f6 Rxc7 70. fxg7 Rxg7 {[%emt 0:00:01] KR-KP} 71. Kf4 Ke2 72. Kf5 Kf3 73. g6 Ra7 74. Kf6 Kf4 75. g7 Ra8 {[%emt 0:00:02] Prevents g8Q.} 76. Kf7 Kf5 77. g8=Q Rxg8 78. Kxg8 {[%emt 0:00:00] Weighted Error Value: White=0.59/Black=0.19 (very precise)} 1/2-1/2